 Dungeon Crawl Stone Soup version 0.30-a0-743-gbfdf073431 (webtiles) character file.

Game seed: 17570447560947446894

947 avis the Shooter (level 7, -31/59 HPs)
             Began as a Demigod Hunter on Feb 8, 2023.
             Killed by an exploding orc priest (44 damage)
             ... ignited by their inner flame
             ... on level 6 of the Dungeon.
             The game lasted 00:32:57 (4414 turns).

avis the Shooter (Demigod Hunter)                   Turns: 4414, Time: 00:32:57

Health: -31/59     AC: 11    Str: 18    XL:     7   Next: 58%
Magic:  11/11      EV: 13    Int: 11    God:
Gold:   283        SH:  0    Dex: 25    Spells: 5/8 levels left

rFire   . . .      SeeInvis .    b - +1 rapier (drain)
rCold   . . .      Faith    .    (no shield)
rNeg    . . .      Spirit   .    A - +0 swamp dragon scales
rPois   +          Reflect  .    m - +0 helmet
rElec   .          Harm     .    (no cloak)
rCorr   .          Rampage  .    D - +1 pair of gloves
Will    .....                    n - +0 pair of boots
Stlth   ++                       (no amulet)
HPRegen 0.29/turn                o - +6 ring of strength
MPRegen 0.12/turn                (no ring)

@: no status effects
A: high MP 1, forlorn, divine attributes
a: no special abilities


You were on level 6 of the Dungeon.
You visited 2 branches of the dungeon, and saw 7 of its levels.

You collected 283 gold pieces.

Inventory:

Hand Weapons
 a - a +0 arbalest
 b - a +1 rapier of draining (weapon)
 c - the +4 dagger "Ruciveu" {speed, *Corrode rC+ SInv}
   (You found it on level 3 of the Dungeon)

   rC:        It protects you from cold.
   SInv:      It lets you see invisible.
   *Corrode:  It may corrode you when you take damage.
 w - a +0 short sword of protection
Missiles
 p - a throwing net
 q - 2 atropa-tipped darts
 J - 3 poisoned darts
Armour
 m - a +0 helmet (worn)
 n - a +0 pair of boots (worn)
 A - +0 swamp dragon scales (worn)
 D - a +1 pair of gloves (worn)
Jewellery
 o - a +6 ring of strength (left hand)
Wands
 C - a wand of polymorph (13)
 E - a wand of flame (25)
Scrolls
 e - 8 scrolls of identify {unknown}
 f - a scroll of enchant weapon {unknown}
 g - 3 scrolls of fear {unknown}
 j - a scroll of immolation
 k - 4 scrolls of teleportation {unknown}
 s - a scroll of torment {unknown}
 u - 3 scrolls of fog {unknown}
 v - a scroll of magic mapping {unknown}
 I - 3 scrolls of poison {unknown}
Potions
 d - 3 potions of might {unknown}
 h - 4 potions of brilliance {unknown}
 i - 2 potions of curing {unknown}
 l - a potion of flight
 r - a potion of attraction {unknown}
 t - a potion of resistance {unknown}
 B - a potion of invisibility {unknown}
 F - a potion of heal wounds {unknown}
 K - 4 potions of cancellation {unknown}
 L - 2 potions of berserk rage {unknown}


   Skills:
 - Level 4.0 Fighting
 * Level 7.5 Ranged Weapons
 - Level 3.0 Dodging
 - Level 2.0 Stealth
 - Level 1.0 Spellcasting
 - Level 1.0 Air Magic


You had 5 spell levels left.
You knew the following spells:

 Your Spells              Type           Power      Damage    Failure   Level
f - Swiftness             Air            2%         N/A       75%         3

Your spell library contained the following spells:

 Spells                   Type           Power      Damage    Failure   Level
 Shock                    Conj/Air       4%         1d3       43%         1
 Ignite Poison            Fire/Tmut/Pois 0%         N/A       86%         3
 Airstrike                Air            1%         2d(1-17)  98%         4
 Sticky Flame             Conj/Fire      0%         2d3       99%         4
 Ignition                 Fire           0%         3d3       100%        8


Dungeon Overview and Level Annotations

Branches:
Dungeon (6/15)             Temple (1/1) D:4


Innate Abilities, Weirdness & Mutations

You have an increased reservoir of magic. (+10% MP)
You shall have no god before yourself.
Your divine heritage dramatically boosts your attributes as you level up.


Message History

The orc warrior shouts!
The orc shouts!
You hit the orc priest. You drain the orc priest.
The orc priest is almost dead.
You hear a shout!
The orc warrior hits you but does no damage.
The orc priest hits you with a +0 club.
An iguana comes into view.
You closely miss the orc priest.
The orc priest is almost dead.
The orc priest hits you but does no damage.
The orc hits you but does no damage. The orc warrior closely misses you.
An orc comes into view. It is wielding a +0 club.
You closely miss the orc priest.
The orc priest is almost dead.
The orc priest barely misses you. The orc barely misses you.
The orc warrior hits you from afar with a +0 glaive.
The iguana barely misses you. The orc warrior closely misses you.
The orc priest calls down the wrath of Beogh upon you.
Beogh smites you! The orc hits you but does no damage.
You hit the orc priest but do no damage.
The orc priest is almost dead.
The orc priest invokes the aid of Beogh against you.
Beogh smites you! The orc misses you.
The orc warrior hits you from afar with a +0 glaive.
The iguana closely misses you.
Okay, then.
Okay, then.
Unknown command.
Really read the scroll of immolation?
As you read the scroll of immolation, it crumbles to dust.
The creatures around you are filled with an inner flame!
The orc closely misses you. The orc warrior closely misses you.
The orc suddenly grunts, as Orcs often do.
The orc priest misses you. The iguana bites you!
* * * LOW HITPOINT WARNING * * *
You hit the orc priest.
The orc priest explodes!
The fiery explosion engulfs you!!!
Ouch! That really hurt!
You die...

... .. ..#.#
....# ...##
....
####§§#####.
#..ol§......
#...@o§#
######o# #


You could see an orc warrior (inner flame), an iguana (inner flame) and 2 orcs.

Vanquished Creatures
  Sigmund (D:2)
  An ogre (D:5)
  2 phantoms
  A necrophage (D:4)
  A jelly (D:4)
  4 hounds
  An orc priest (D:6)
  Jessica (D:2)
  2 iguanas
  2 orc wizards
  Robin (D:1)
  7 adders
  An ufetubus (D:5)
  2 worms (D:3)
  14 orcs
  6 bats
  7 endoplasms
  4 giant cockroaches
  13 hobgoblins
  2 jackals (D:2)
  4 quokkas
  7 ball pythons
  2 frilled lizards (D:3)
  17 goblins
  6 kobolds
  7 rats
116 creatures vanquished.

Vanquished Creatures (others)
  17 plants (D:2)
17 creatures vanquished.

Grand Total: 133 creatures vanquished

Notes
Turn   | Place    | Note
-------+----------+-------------------------------------------
     0 | D:1      | avis the Demigod Hunter began the quest for the Orb.
     0 | D:1      | Reached XP level 1. HP: 17/17 MP: 3/3
    90 | D:1      | Reached skill level 4 in Ranged Weapons
   105 | D:1      | Reached XP level 2. HP: 24/24 MP: 4/4
   167 | D:1      | Reached skill level 1 in Stealth
   849 | D:2      | Noticed Robin
   856 | D:2      | Reached XP level 3. HP: 30/30 MP: 5/5
   967 | D:1      | Killed Robin
  1247 | D:2      | Noticed Jessica
  1250 | D:2      | Killed Jessica
  1251 | D:2      | Reached XP level 4. HP: 38/38 MP: 6/6
  1379 | D:2      | Noticed Sigmund
  1459 | D:2      | Killed Sigmund
  1460 | D:2      | Reached skill level 6 in Ranged Weapons
  1460 | D:2      | Reached XP level 5. HP: 19/45 MP: 7/7
  1996 | D:2      | Learned a level 3 spell: Swiftness
  2595 | D:3      | Reached XP level 6. HP: 51/51 MP: 8/8
  2634 | D:3      | Identified the +4 dagger "Ruciveu" {speed, *Corrode rC+
                  | SInv}
  2859 | D:4      | Reached skill level 1 in Spellcasting
  2859 | D:4      | Reached skill level 1 in Air Magic
  3094 | D:4      | Reached XP level 7. HP: 57/59 MP: 11/11
  3116 | D:4      | Found a staircase to the Ecumenical Temple.
  3344 | Temple   | Entered the Ecumenical Temple
  3376 | D:5      | Entered Level 5 of the Dungeon
  3751 | D:5      | Reached skill level 7 in Ranged Weapons
  4414 | D:6      | Killed by an exploding orc priest... ignited by their inner
                  | flame

Illustrated notes

Levels and vault maps discovered:
D:1:      dpeg_arrival_solitude, layout_rooms, nicolae_ecumenical_lake_church,
          dreamdust_mushroom_princess
D:2:      layout_rooms, basic_altar, dk_noncrumbling_3, wad_woods_river_04,
          hex_tiny, chequers_mini_garden, uniq_jessica, uniq_sigmund, uniq_robin
D:3:      layout_loops_cross, minmay_joined_circles
D:4:      layout_cave_pools, mainiacjoe_overflow_tiny_flanked,
          mainiacjoe_overflow_catwalk, minmay_temple_entry_glassed_door,
          moated_statue
D:5:      layout_gridville, lemuel_coloured_pillars_altar
D:6:      layout_loops_ring, led_xom_imps,
          nicolae_gozag_cash_rules_everything_around_me,
          minmay_misc_feat_enclosed, hangedman_abyss_or_decor_stagger,
          minmay_small_thing, uniq_eustachio
Temple:   oiseaux_autumnal_temple

Skill      XL: |  1  2  3  4  5  6  7 |
---------------+----------------------+-----
Fighting       | 2 3 4 |  4.0
Ranged Weapons | 4 6 7 |  7.5
Dodging        | 2 3 |  3.0
Stealth        | 1 2 |  2.0
Spellcasting   | 1 |  1.0
Air Magic      | 1 |  1.0

Action                     |  1- 3 |  4- 6 |  7- 9 || total
---------------------------+-------+-------+-------++-------
  Melee: Short sword       |    61 |       |       ||    61
         Punch             |     1 |     3 |     1 ||     5
         Rapier            |       |   185 |    25 ||   210
   Fire: Shortbow          |    58 |    68 |       ||   126
         Arbalest          |       |       |    40 ||    40
    Use: Potion            |       |     2 |       ||     2
         Scroll            |       |       |     1 ||     1
   Stab: Sleeping          |       |     2 |     1 ||     3
         Distracted        |       |       |     1 ||     1
 Armour: Leather armour    |    27 |       |       ||    27
         Robe              |       |     5 |       ||     5
         Swamp dragon scal |       |    45 |    16 ||    61
  Dodge: Dodged            |    42 |   103 |    41 ||   186

Table legend: (Time is in decaauts)
 A = Elapsed time spent in this place.
 B = Non-inter-level travel time spent in this place.
 C = Inter-level travel time spent in this place.
 D = Time resting spent in this place.
 E = Time spent auto-exploring this place.
 F = Levels seen in this place.
 G = Mean time per level.
                   A        B        C        D        E       F      G
               +--------+--------+--------+--------+--------+-----+--------+
         Total |   4516 |   3951 |    565 |    463 |   2010 |   7 |  645.1 |
       Dungeon |   4503 |   3938 |    565 |    463 |   2010 |   6 |  750.5 |
        Temple |     12 |     12 |      0 |      0 |      0 |   1 |   12.0 |
               +--------+--------+--------+--------+--------+-----+--------+

Top non-repeatable levels by time:
     D:1: 1099 daAuts
     D:2: 996 daAuts
     D:5: 954 daAuts
     D:3: 773 daAuts
     D:4: 656 daAuts
     D:6: 23 daAuts
  Temple: 12 daAuts
